 Dungeon Crawl Stone Soup version 0.23.2-33-g5129a83184 (webtiles) character file.

Game seed: 12037874811661046188

5398 FishyPogo the Shield-Bearer (level 10, -25/156 HPs)
             Began as a Troll Fighter on Aug 8, 2019.
             Was a Believer of the Shining One.
             Killed from afar by Frances (31 damage)
             ... with an iron shot
             ... on level 12 of the Dungeon.
             The game lasted 00:27:00 (7277 turns).

FishyPogo the Shield-Bearer (Troll Fighter)         Turns: 7277, Time: 00:27:02

Health: -25/156    AC: 25    Str: 29    XL:     10   Next: 40%
Magic:  6/9        EV:  1    Int:  9    God:    the Shining One [**....]
Gold:   493        SH: 17    Dex:  9    Spells: 9/9 levels left

rFire    . . .     SeeInvis .   a - +2 whip (venom)
rCold    . . .     Gourm    +   c - +0 shield
rNeg     + + +     Faith    +   (armour currently unavailable)
rPois    +         Spirit   .   (helmet currently unavailable)
rElec    .         Reflect  .   (cloak currently unavailable)
rCorr    .         Harm     .   (gloves unavailable)
MR       +....     NoTele   +   (boots unavailable)
Stlth    +.........             e - amulet of faith
HPRegen  0.76/turn              k - ring of protection from magic
MPRegen  0.11/turn              (no ring)

@: brilliant, divine shield, tree-form, glowing
A: large, unfitting armour, fast metabolism 3, gourmand, regeneration 1
a: Divine Shield, Renounce Religion


You were on level 12 of the Dungeon.
You worshipped the Shining One.
The Shining One was pleased with you.
You were not hungry.
You were a tree.
You visited 2 branches of the dungeon, and saw 12 of its levels.

You collected 493 gold pieces.

Inventory:

Hand Weapons
 a - a +2 whip of venom (weapon)
 b - a +1 flail
 I - a +4 scimitar of flaming
Missiles
 m - 315 stones (quivered)
 u - 9 tomahawks
 E - a throwing net
Armour
 c - a +0 shield (worn)
 p - a +0 cloak (melded)
 J - a +0 robe of the Archmagi (melded)
Jewellery
 e - an amulet of faith (around neck)
 k - a ring of protection from magic (left branch)
 s - an uncursed amulet of rage
 H - an uncursed ring of ice
Wands
 x - a wand of enslavement (11)
 y - a wand of scattershot (7)
 K - a wand of flame (19)
Scrolls
 g - 2 scrolls of amnesia
 h - 2 scrolls of immolation
 i - 5 scrolls of identify
 o - a scroll of random uselessness {unknown}
 z - 2 scrolls of teleportation
 A - 2 scrolls of remove curse
 B - 2 scrolls of magic mapping {unknown}
 D - a scroll of enchant weapon
 F - 2 scrolls of fear
 G - a scroll of silence {unknown}
Potions
 d - 4 potions of might
 j - 5 potions of curing
 l - 2 potions of haste
 n - 2 potions of mutation {unknown}
 q - 2 potions of lignification
 r - a potion of brilliance
 t - 2 potions of agility {unknown}
 v - a potion of cancellation {unknown}
 w - a potion of berserk rage {unknown}
 C - a potion of degeneration {unknown}
Comestibles
 f - 12 rations


   Skills:
 * Level 7.9 Fighting
 + Level 6.6 Maces & Flails
 - Level 3.1 Throwing
 * Level 4.3 Dodging
 + Level 7.9 Shields


You had 9 spell levels left.
You didn't know any spells.
Your spell library contained the following spells:

 Spells                   Type           Power        Failure   Level  Hunger
 Confusing Touch          Hex            #.....       6%          1    ##.....
 Sandblast                Erth           #.....       6%          1    ##.....
 Passwall                 Tmut/Erth      #.......     9%          2    ###....
 Confuse                  Hex            #.......     16%         3    ####...
 Gell's Gravitas          Tloc           #.........   16%         3    ####...
 Stone Arrow              Conj/Erth      #.....       16%         3    ####...
 Petrify                  Tmut/Erth      #.......     41%         4    #####..
 Lee's Rapid Deconstruct  Erth           #.........   73%         5    ######.
 Metabolic Englaciation   Hex/Ice        #.........   73%         5    ######.
 Yara's Violent Unravell  Hex/Tmut       #.........   73%         5    ######.


Dungeon Overview and Level Annotations

Branches:
Dungeon (10/15)            Temple (1/1) D:4
   Lair: D:8-11         Orc: D:9-12

Altars:
Ashenzari
Cheibriados
Dithmenos
Gozag
Hepliaklqana
Trog
Uskayaw
Vehumet
Wu Jian
The Shining One

Shops:
D:9 }

Annotations:
D:12 Frances


Innate Abilities, Weirdness & Mutations

You are too large for most types of armour.
((You have claws for hands.))
Your metabolism is lightning-fast.
You like to eat raw meat.
Your natural rate of healing is unusually fast.
((You are covered in fur. (AC +1)))
((You have extremely tough skin. (AC +3)))


Message History

It was a potion of curing.
You feel better.
Frances chants phrases taken from a devil's mouth.
The iron shot hits you!!! The Shining One protects you from harm!
Your shield is strengthened by the Shining One's divine power.
You feel slightly more hungry. You block Frances's attack.
The neqoxec gestures at you.
Something tries to feed on your intellect!
You hit Frances.
Frances looks as sick as possible!
Frances is almost dead.
Frances hits you with a +0 trident!
* * * LOW HITPOINT WARNING * * *
Frances hits you but does no damage.
You hit Frances.
Frances is almost dead.
The rust devil looks more healthy.
The rust devil disappears in a puff of smoke!
Frances screams a word of power!
The iron shot hits you!!
You die...

#.........#
#.#####...#
#.........#
#.......55#
#.....###.#
#.....# #4#
#.....# #3#
#.....# #@#
#.....# #♣#
#.....###.#
#.........#
#........##
#........#
#........#
#........#
#........#
#.##.....#


You could see Frances, an orange demon, a neqoxec, an iron imp and a quasit.

Vanquished Creatures
  Erica (D:8)
  Psyche (D:8)
  A hornet (D:8)
  A troll (D:9)
  A hippogriff (D:10)
  2 hungry ghosts
  Grum (D:9)
  Purgy (D:3)
  An ice beast (D:10)
  An orc warrior (D:10)
  A black bear (D:9)
  2 ogres
  2 sky beasts
  4 wolves (D:9)
  5 centaurs
  A big kobold (D:7)
  4 bullfrogs
  3 water moccasin zombies
  A wyvern zombie (D:9)
  3 scorpions
  A howler monkey (D:5)
  A crimson imp (D:6)
  3 jellies
  7 orc priests
  A bullfrog skeleton (D:10)
  9 hounds
  3 iguanas
  6 orc wizards
  5 worker ants
  3 hound skeletons
  2 howler monkey zombies (D:8)
  10 adders
  A shadow imp (D:9)
  2 adder zombies
  4 worms
  A dart slug (D:3)
  2 leopard geckos
  31 orcs
  2 ball pythons (D:1)
  4 giant cockroaches
  8 hobgoblins
  3 jackals (D:1)
  13 bats
  5 frilled lizards
  6 goblins
  13 kobolds
  A leopard gecko skeleton (D:4)
  A quokka zombie (D:5)
  8 rats
193 creatures vanquished.

Notes
Turn   | Place    | Note
-------+----------+-------------------------------------------
     0 | D:1      | FishyPogo the Troll Fighter began the quest for the Orb.
     0 | D:1      | Reached XP level 1. HP: 22/22 MP: 0/0
   308 | D:1      | Reached XP level 2. HP: 25/29 MP: 1/1
   782 | D:2      | Reached XP level 3. HP: 36/36 MP: 2/2
   797 | D:2      | Noticed a centaur
   807 | D:2      | Killed a centaur
   807 | D:2      | Reached XP level 4. HP: 40/44 MP: 3/3
  1351 | D:2      | Reached XP level 5. HP: 49/53 MP: 4/4
  1924 | D:3      | Found a radiant altar of Vehumet.
  2039 | D:3      | Noticed Purgy
  2068 | D:3      | Killed Purgy
  2068 | D:3      | Reached XP level 6. HP: 28/61 MP: 5/5
  2635 | D:4      | Reached XP level 7. HP: 50/68 MP: 6/6
  3113 | D:4      | Found a staircase to the Ecumenical Temple.
  3119 | Temple   | Entered the Ecumenical Temple
  3133 | Temple   | Became a worshipper of the Shining One
  3259 | D:5      | Entered Level 5 of the Dungeon
  3263 | D:5      | Found a shadowy altar of Dithmenos.
  3266 | D:5      | Found a hazy altar of Hepliaklqana.
  3350 | D:5      | Reached skill level 1 in Throwing
  3682 | D:6      | Reached XP level 8. HP: 58/79 MP: 7/7
  3863 | D:6      | Reached skill level 5 in Shields
  3920 | D:6      | Reached skill level 5 in Fighting
  4340 | D:7      | Reached * piety under the Shining One
  4617 | D:7      | Reached skill level 5 in Maces & Flails
  4784 | D:7      | Noticed a moth of wrath
  4787 | D:7      | Found a bloodstained altar of Trog.
  4979 | D:7      | Reached XP level 9. HP: 82/89 MP: 8/8
  5138 | D:8      | Found a shattered altar of Ashenzari.
  5198 | D:8      | Noticed Psyche
  5208 | D:8      | Killed Psyche
  5707 | D:8      | Noticed Erica
  5725 | D:8      | Killed Erica
  6049 | D:9      | Reached ** piety under the Shining One
  6214 | D:9      | Noticed Grum
  6234 | D:9      | Reached XP level 10. HP: 56/102 MP: 9/9
  6236 | D:9      | Killed Grum
  6537 | D:9      | Found Loah's Gadget Emporium.
  6549 | D:9      | Found a snail-covered altar of Cheibriados.
  6847 | D:9      | Found an opulent altar of Gozag.
  7016 | D:10     | Entered Level 10 of the Dungeon
  7195 | D:10     | You fall through a shaft for 2 floors!
  7226 | D:12     | Noticed Frances
  7248 | D:12     | Noticed a rust devil
  7262 | D:12     | Noticed an orange demon
  7273 | D:12     | HP: 2/156 [Frances/+0 trident (21)]
  7274 | D:12     | The Shining One protects you from harm!
  7277 | D:12     | Killed from afar by Frances

Skill      XL: |  1  2  3  4  5  6  7  8  9 |
---------------+----------------------------+-----
Maces & Flails | 2 3 4 5 6 |  6.6
Dodging        | 3 4 |  4.3
Fighting       | 3 4 5 7 |  7.9
Shields        | 3 4 5 7 |  7.9
Throwing       | 1 2 3 |  3.1

Action                   |  1- 3 |  4- 6 |  7- 9 | 10-12 || total
-------------------------+-------+-------+-------+-------++-------
Melee: Hand axe          |   125 |   344 |    16 |       ||   485
       Whip              |       |       |   349 |   136 ||   485
Throw: Stone             |       |    36 |    57 |     8 ||   101
       Tomahawk          |       |       |     4 |     1 ||     5
Invok: Divine Shield     |       |       |       |     1 ||     1
 Abil: Evoke Berserk Rag |       |       |     2 |       ||     2
  Use: Scroll            |       |     7 |     1 |       ||     8
       Potion            |       |       |       |     3 ||     3
 Stab: Sleeping          |     1 |     1 |       |       ||     2
  Eat: Chunk             |    12 |    20 |    30 |    18 ||    80
       Ration            |       |       |       |     1 ||     1
Armor: Robe              |    58 |   137 |    69 |    19 ||   283
       Skin              |       |       |       |     1 ||     1
Dodge: Dodged            |    52 |   149 |    93 |    31 ||   325
Block: Shield            |    83 |   190 |   135 |    49 ||   457
